 Dungeon Crawl Stone Soup version 0.28-a0-957-g42eb19b844 (webtiles) character file.

Game seed: 4951134506213539006

2 croobank the Ducker (level 1, 0/16 HPs)
             Began as an Octopode Monk on Nov 30, 2021.
             Frozen to death by an endoplasm (3 damage)
             ... on level 1 of the Dungeon.
             The game lasted 00:00:14 (64 turns).

croobank the Ducker (Octopode Monk)                   Turns: 64, Time: 00:00:14

Health: 0/16       AC:  1    Str: 10    XL:     1   Next: 30%
Magic:  1/1        EV: 14    Int: 12    God:
Gold:   0          SH:  0    Dex: 14    Spells: 0/0 levels left

rFire   . . .      SeeInvis .   a - +0 hand axe
rCold   . . .      Faith    .   (no shield)
rNeg    . . .      Spirit   .   (helmet restricted)
rPois   .          Reflect  .   (no amulet)
rElec   .          Harm     .   (no ring)
rCorr   .          Rampage  .   (no ring)
Will    .....                   (no ring)
Stlth   +++.......              (no ring)
HPRegen 0.05/turn               (no ring)
MPRegen 0.07/turn               (no ring)
                                (no ring)
                                (no ring)

@: no status effects
A: almost no armour, amphibious, 8 rings, camouflage 1, gelatinous body 1,
(nimble swimmer 1), tentacles
a: no special abilities


You were on level 1 of the Dungeon.
You visited 1 branch of the dungeon, and saw 1 of its levels.

Inventory:

Hand Weapons
 a - a +0 hand axe (weapon)
Potions
 b - 2 potions of degeneration {unknown}


   Skills:
 + Level 3.0 Fighting
 + Level 3.0 Axes
 + Level 3.1 Dodging
 + Level 2.6 Stealth


You couldn't memorise any spells.
You didn't know any spells.
Your spell library was empty.

Dungeon Overview and Level Annotations

Branches:
Dungeon (1/15)

Altars:


Innate Abilities, Weirdness & Mutations

You cannot wear most types of armour.
You are amphibious.
You can wear up to eight rings at the same time.
Your skin changes colour to match your surroundings (Stealth+).
Your rubbery body absorbs attacks. (AC +1, EV +1)
((You are camouflaged near water. (Stealth+)))
You have tentacles for arms and can constrict up to eight enemies at once.


Message History

You open the door.
There is an open door here.
A ball python comes into view.
The ball python hisses angrily.
The ball python bites you but does no damage.
The ball python barely misses you.
You closely miss the ball python. Your grab misses the ball python.
Your squeeze misses the ball python. The ball python closely misses you.
The ball python barely misses you.
You hit the ball python.
You kill the ball python!
Found a scroll labelled PAEMUKHIYSOTZ.
Found a scroll labelled PAEMUKHIYSOTZ.
b - 2 brown potions An endoplasm and a hobgoblin come into view.
The hobgoblin shouts!
An endoplasm comes into view.
The hobgoblin completely misses you.
You see here a scroll labelled PAEMUKHIYSOTZ.
You closely miss the hobgoblin.
The endoplasm quivers. x2
You grab the hobgoblin. You constrict the hobgoblin.
The hobgoblin closely misses you.
You hit the hobgoblin but do no damage.
The hobgoblin is heavily wounded.
You constrict the hobgoblin. The hobgoblin hits you.
You hit the hobgoblin.
You kill the hobgoblin!
You hit the endoplasm but do no damage. The endoplasm hits you.
The endoplasm hits you.
You hit the endoplasm.
The endoplasm is moderately wounded.
You completely miss the endoplasm. The endoplasm hits you. x2
* * * LOW HITPOINT WARNING * * *
You slash the endoplasm!
You kill the endoplasm!
You hit the endoplasm. The endoplasm freezes you.
You are frozen.
You die...

..# #..# #.. .......
#..# #.# ....... #..#
#.# ...... ### #..# #.#
..... ..# #..# #.# ...#
#.#####..###.####...####
#......................#
...####........?@.......
.........###.#..J......#
#.##.........####...####
#.##.######### ...#
....?# ...# .... ####
... ...


You could see an endoplasm.

Vanquished Creatures
  An endoplasm (D:1)
  A hobgoblin (D:1)
  A ball python (D:1)
3 creatures vanquished.

Notes
Turn   | Place    | Note
-------+----------+-------------------------------------------
     0 | D:1      | croobank the Octopode Monk began the quest for the Orb.
     0 | D:1      | Reached XP level 1. HP: 16/16 MP: 1/1
    64 | D:1      | Frozen to death by an endoplasm

Illustrated notes

Levels and vault maps discovered:
D:1:      minmay_arrival_four_houses, layout_loops_ring

Action                   || total
-------------------------++-------
Melee: Hand axe          ||     7
       Constrict         ||     1
Armor: Skin              ||     1
Dodge: Dodged            ||     5

Table legend: (Time is in decaauts)
 A = Elapsed time spent in this place.
 B = Non-inter-level travel time spent in this place.
 C = Inter-level travel time spent in this place.
 D = Time resting spent in this place.
 E = Time spent auto-exploring this place.
 F = Levels seen in this place.
 G = Mean time per level.
                   A        B        C        D        E       F      G
               +--------+--------+--------+--------+--------+-----+--------+
         Total |     64 |     64 |      0 |      0 |     45 |   1 |   64.0 |
       Dungeon |     64 |     64 |      0 |      0 |     45 |   1 |   64.0 |
               +--------+--------+--------+--------+--------+-----+--------+

Top non-repeatable levels by time:
     D:1: 64 daAuts
